 Dungeon Crawl Stone Soup version 0.26-a0-712-ga5a9c9c9d0 (webtiles) character file.

Game seed: 14500835785390128616

10122 qwer1234 the Fighter (level 11, -12/101 HPs)
             Began as a Ghoul Fighter on Nov 1, 2020.
             Was an Elder of Qazlal.
             Mangled by an orc warrior
             ... wielding a +0 bardiche
              (21 damage)
             ... in a bailey.
             The game lasted 00:42:36 (9861 turns).

qwer1234 the Fighter (Ghoul Fighter)                Turns: 9861, Time: 00:42:37

Health: -12/101    AC: 26    Str: 24    XL:     11   Next: 57%
Magic:  8/14       EV: 10    Int:  3    God:    Qazlal [****..]
Gold:   442        SH: 20    Dex: 11    Spells: 16/16 levels left

rFire    . . .     SeeInvis .   s - +4 war axe
rCold    + . .     Faith    .   c - +0 kite shield
rNeg     + + +     Spirit   .   v - +0 plate armour
rPois    ∞         Reflect  +   t - +1 hat {MR+}
rElec    .         Harm     .   x - +1 cloak {rPois}
rCorr    .         Rampage  .   u - +0 pair of gloves {Dex+3}
MR       +....                  w - +1 pair of boots
Stlth    ..........             q - amulet of reflection
HPRegen  0.00/turn              g - +4 ring of evasion
MPRegen  0.14/turn              i - +4 ring of protection

@: mighty, protected from physical damage, very slightly contaminated, studying
Stealth, invisible, repel missiles
A: rotting body, claws 1, cold resistance 1, negative energy resistance 3,
inhibited regeneration, torment resistance, unbreathing
a: Upheaval, Elemental Force, Renounce Religion


You were in a bailey.
You worshipped Qazlal.
Qazlal was greatly pleased with you.
You visited 1 branch of the dungeon, and saw 10 of its levels.
You also visited: Sewer and Bailey.

You collected 614 gold pieces.
You spent 172 gold pieces at shops.

Inventory:

Hand Weapons
 s - a +4 war axe (weapon)
 y - the +4 mace of Fate {freeze, rPois MR+ Dex-5 SInv}
   (You found it on level 7 of the Dungeon)

   It has been specially enchanted to freeze those struck by it, causing extra
   injury to most foes and up to half again as much damage against particularly
   susceptible opponents.
   It can also slow down cold-blooded creatures.
   It affects your dexterity (-5).
   It protects you from poison.
   It affects your resistance to hostile enchantments.
   It lets you see invisible.
Armour
 c - a +0 kite shield (worn)
 t - a +1 hat of magic resistance (worn)
 u - a +0 pair of gloves of dexterity (worn)
 v - a +0 plate armour (worn)
 w - a +1 pair of boots (worn)
 x - a +1 cloak of poison resistance (worn)
Jewellery
 g - a +4 ring of evasion (left hand)
 i - a +4 ring of protection (right hand)
 q - an amulet of reflection (around neck)
Wands
 b - a wand of acid (7)
 e - a wand of digging (17)
 o - a wand of paralysis (13)
 r - a wand of polymorph (20)
Scrolls
 a - a scroll of enchant armour
 f - 6 scrolls of remove curse
 h - 2 scrolls of teleportation
 l - 8 scrolls of identify
 B - a scroll of amnesia
Potions
 d - 2 potions of might
 m - 6 potions of flight
 n - a potion of curing
 z - a potion of brilliance
Books
 j - a manual of Stealth


   Skills:
 * Level 10.4 Fighting
 * Level 8.7 Axes
 * Level 6.1 Armour
 + Level 3.3 Dodging
 + Level 7.0 Stealth
 + Level 4.7 Shields
 + Level 4.2 Unarmed Combat
 + Level 3.2 Spellcasting
 + Level 4.2 Invocations
 + Level 3.4 Evocations


You had 16 spell levels left.
You didn't know any spells.
Your spell library contained the following spells:

 Spells                   Type           Power        Failure   Level
 Animate Skeleton         Necr           #.....       100%        1
 Apportation              Tloc           #.....       100%        1
 Corona                   Hex            #......      100%        1
 Magic Dart               Conj           #...         100%        1
 Pain                     Necr           #...         100%        1
 Summon Small Mammal      Summ           #...         100%        1
 Blink                    Tloc           N/A          100%        2
 Call Imp                 Summ           #.......     100%        2
 Slow                     Hex            #.......     100%        2
 Call Canine Familiar     Summ           #.......     100%        3
 Conjure Flame            Conj/Fire      #.......     100%        3
 Mephitic Cloud           Conj/Pois/Air  #.......     100%        3
 Summon Guardian Golem    Hex/Summ       #.......     100%        3
 Vampiric Draining        Necr           #.........   100%        3
 Animate Dead             Necr           #.........   100%        4
 Summon Ice Beast         Ice/Summ       #.......     100%        4
 Summon Lightning Spire   Summ/Air       #.......     100%        4
 Agony                    Necr           #.......     100%        5
 Beastly Appendage        Tmut           Unusable     N/A         1
 Wereblood                Tmut           Unusable     N/A         2
 Spider Form              Tmut/Pois      Unusable     N/A         3
 Ice Form                 Ice/Tmut       Unusable     N/A         4
 Blade Hands              Tmut           Unusable     N/A         5

Dungeon Overview and Level Annotations

Branches:
Dungeon (10/15)            Temple (0/1) D:7            Lair (0/6) D:9
  Sewer (visited)          Bailey (1/1)
    Orc: D:9-12

Altars:
Kikubaaqudgha
Qazlal
Uskayaw
Wu Jian

Shops:
D:4 }   D:7 [   D:10 [


Innate Abilities, Weirdness & Mutations

Your body is rotting away.
You thrive by killing the living.
You are immune to poison.
You have sharp fingernails.
Your flesh is cold resistant. (rC+)
You are immune to negative energy. (rN+++)
You do not regenerate when monsters are visible.
You are immune to unholy pain and torment.
You can survive without breathing.


Message History

As you read the scroll of teleportation, it crumbles to dust.
You feel strangely unstable.
You hear a shout!
The orc knight no longer looks unusually strong.
You slash the orc warrior!
The orc warrior is almost dead.
The orc warrior hits you but does no damage.
You slice the orc warrior!!
You kill the orc warrior!
Qazlal accepts your kill.
You feel better.
Your Stealth skill increases to level 7!
Your surroundings seem slightly different.
The orc warrior hits you with a +0 bardiche!
* * * LOW HITPOINT WARNING * * *
You block the orc knight's attack. x3
The orc knight no longer looks unusually strong.
You block the orc warrior's attack.
The orc warrior hits you from afar with a +0 bardiche!!
You die...

#...#
#...#
#...#
###'###
##.....##
#.......#
#..o....#
#..°o...#
#.@...).#
#☼..o)..#
#...o)))#
#...o○).#
#....)..#
#∩§.§).∩#
#.......#
##..°..##
#######


You could see 3 orc knights and 2 orc warriors.

Vanquished Creatures
  Gastronok (D:9)
  An unseen horror (D:10)
  Pikel (D:4)
  An orc sorcerer (D:6)
  A kobold demonologist (D:6)
  A troll (D:9)
  Grinder (D:5)
  Sigmund (D:4)
  7 yaks
  Menkaure (D:4)
  2 black bears
  11 orc warriors
  A sky beast (D:6)
  A phantom (D:8)
  2 necrophages (D:7)
  5 ogres
  A centaur (D:3)
  Blork the orc (D:6)
  A big kobold (D:9)
  4 bullfrogs
  Dowan (D:6)
  2 scorpions (D:9)
  5 wights (D:7)
  2 centaur zombies
  2 bullfrog zombies
  A crimson imp (D:10)
  A quasit (D:8)
  A bullfrog skeleton (D:8)
  5 hounds
  3 centaur skeletons
  9 orc priests
  Crazy Yiuf (D:7)
  3 jellies
  11 orc wizards
  Ijyb (D:4)
  An iguana (D:5)
  7 worker ants
  A mummy (D:5)
  10 adders
  4 shadow imps (D:6)
  2 white imps
  2 ufetubi
  3 oozes (Sewer)
  3 adder skeletons
  8 worms
  4 leopard geckos
  61 orcs
  20 bats
  4 giant cockroaches
  9 goblins
  8 hobgoblins
  13 jackals
  9 quokkas
  7 ball pythons
  8 frilled lizards
  2 hobgoblin zombies (D:5)
  34 kobolds
  2 orc zombies (D:5)
  A quokka zombie (D:7)
  6 rats
322 creatures vanquished.

Vanquished Creatures (collateral kills)
  An orc knight (Bailey)
  An ice beast (D:6)
  An orc (Bailey)
3 creatures vanquished.

Vanquished Creatures (others)
  15 fungi (D:9)
  71 plants
86 creatures vanquished.

Grand Total: 411 creatures vanquished

Notes
Turn   | Place    | Note
-------+----------+-------------------------------------------
     0 | D:1      | qwer1234 the Ghoul Fighter began the quest for the Orb.
     0 | D:1      | Reached XP level 1. HP: 19/19 MP: 0/0
   143 | D:1      | Reached XP level 2. HP: 26/26 MP: 1/1
   565 | D:1      | Reached XP level 3. HP: 30/33 MP: 2/2
   892 | D:2      | Reached skill level 4 in Fighting
  1252 | D:2      | Reached XP level 4. HP: 40/40 MP: 3/3
  2150 | D:3      | Found an ancient bone altar of Kikubaaqudgha.
  2164 | D:3      | Reached XP level 5. HP: 47/47 MP: 4/4
  2327 | D:3      | Noticed a centaur
  2339 | D:3      | Killed a centaur
  2339 | D:3      | Reached skill level 5 in Fighting
  2977 | D:3      | Found a stormy altar of Qazlal.
  2994 | D:3      | Reached XP level 6. HP: 56/56 MP: 5/5
  3004 | D:3      | Became a worshipper of Qazlal Stormbringer
  3204 | D:4      | Found Ytuoj's Gadget Shop.
  3339 | D:4      | Noticed Sigmund
  3351 | D:4      | Killed Sigmund
  3351 | D:4      | Reached skill level 6 in Fighting
  3406 | D:4      | Noticed Menkaure
  3418 | D:4      | Killed Menkaure
  3418 | D:4      | Reached XP level 7. HP: 36/64 MP: 6/6
  3671 | D:4      | Reached skill level 5 in Axes
  3780 | D:4      | Reached skill level 7 in Fighting
  3903 | D:4      | Noticed Pikel
  3945 | D:4      | Reached * piety under Qazlal
  3970 | D:4      | Killed Pikel
  3970 | D:4      | Reached skill level 8 in Fighting
  3970 | D:4      | Reached XP level 8. HP: 50/74 MP: 7/7
  4124 | D:4      | Noticed Ijyb
  4131 | D:4      | Killed Ijyb
  4463 | D:5      | Entered Level 5 of the Dungeon
  4491 | D:5      | Found a glowing drain.
  4513 | Sewer    | Entered a sewer
  5001 | Sewer    | Reached ** piety under Qazlal
  5036 | Sewer    | Lost intelligence.
  5361 | D:5      | Found an ornate altar of the Wu Jian Council.
  5364 | D:5      | Found a hide-covered altar of Uskayaw.
  5367 | D:5      | Found a stormy altar of Qazlal.
  5450 | D:5      | Noticed Grinder
  5456 | D:5      | Paralysed by Grinder for 7 turns
  5464 | D:5      | Paralysed by Grinder for 3 turns
  5478 | D:5      | Paralysed by Grinder for 2 turns
  5484 | D:5      | Paralysed by Grinder for 3 turns
  5486 | D:5      | Killed Grinder
  5486 | D:5      | Reached skill level 1 in Stealth
  5486 | D:5      | Reached skill level 1 in Unarmed Combat
  5486 | D:5      | Reached skill level 1 in Invocations
  5776 | D:6      | Found a transporter.
  5783 | D:6      | Reached skill level 1 in Evocations
  5830 | D:6      | Noticed Dowan
  5832 | D:6      | Noticed Duvessa
  5837 | D:6      | Noticed Duvessa
  5837 | D:6      | Duvessa changed into Duvessa the hound
  5839 | D:6      | Killed Dowan
  5839 | D:6      | Reached skill level 1 in Dodging
  5839 | D:6      | Reached skill level 1 in Spellcasting
  5839 | D:6      | Reached XP level 9. HP: 82/82 MP: 9/9
  5844 | D:6      | Killed Duvessa the hound
  5898 | D:6      | Found a transporter.
  5902 | D:6      | Noticed an orc sorcerer
  5902 | D:6      | Noticed a kobold demonologist
  6067 | D:6      | Killed an orc sorcerer
  6076 | D:6      | Killed a kobold demonologist
  6076 | D:6      | Reached skill level 9 in Fighting
  6198 | D:6      | Noticed Blork the orc
  6206 | D:6      | Killed Blork the orc
  6696 | D:7      | Reached XP level 10. HP: 91/91 MP: 12/12
  6725 | D:7      | Reached *** piety under Qazlal
  7269 | D:7      | Found a staircase to the Ecumenical Temple.
  7323 | D:7      | Found a runed translucent door.
  7324 | D:7      | Noticed Crazy Yiuf
  7362 | D:7      | Found Ukhlaaruy's Armour Shoppe.
  7371 | D:7      | Bought a +1 pair of boots for 172 gold pieces
  7431 | D:7      | Killed Crazy Yiuf
  7449 | D:7      | Got an ancient mace
  7450 | D:7      | Identified the +4 mace of Fate {freeze, rPois MR+ Dex-5
                  | SInv} (You found it on level 7 of the Dungeon)
  7920 | D:8      | Reached **** piety under Qazlal
  8051 | D:8      | Reached skill level 5 in Armour
  8300 | D:9      | Reached skill level 5 in Stealth
  8351 | D:9      | Noticed Gastronok
  8366 | D:9      | Killed Gastronok
  8366 | D:9      | Reached skill level 10 in Fighting
  8366 | D:9      | Reached XP level 11. HP: 67/99 MP: 12/14
  9311 | D:9      | Found a staircase to the Lair.
  9558 | D:10     | Entered Level 10 of the Dungeon
  9558 | D:10     | Found Gekkycug's Armour Boutique.
  9664 | D:10     | Killed an unseen horror
  9694 | D:10     | Found a flagged portal.
  9705 | Bailey   | Entered a bailey
  9768 | Bailey   | Reached ***** piety under Qazlal
  9815 | Bailey   | Noticed an orc knight
  9815 | Bailey   | Noticed an orc knight
  9825 | Bailey   | Noticed an orc knight
  9826 | Bailey   | Killed an orc knight
  9829 | Bailey   | Noticed an orc knight
  9861 | Bailey   | Mangled by an orc warrior

Illustrated notes

Levels and vault maps discovered:
D:1:      dpeg_arrival_water_temple_mockup, layout_basic, minmay_tetromino_t4
D:2:      layout_basic
D:3:      layout_basic, overflow_temple_1_default, grunt_qazlal_sundering
D:4:      kennysheep_kobold_camp, layout_basic, serial_shops, shop,
          dk_noncrumbling_3, minmay_manual_mandibuliform, uniq_sigmund,
          uniq_menkaure, uniq_pikel, uniq_ijyb
D:5:      layout_cave_pools, grunt_temple_overflow_diamond,
          cheibrodos_sewer_entry_bend, minmay_mini_ossuary, uniq_grinder
D:6:      gammafunk_wand_slinger, layout_cave_pods, uniq_blork_the_orc,
          uniq_duvessa
D:7:      layout_basic, minmay_temple_entry_nine_rooms, serial_shops, shop,
          uniq_crazy_yiuf_cottage
D:8:      layout_loops_cross
D:9:      layout_loops_corners, grunt_lair_entry_orc_guard_hut,
          kennysheep_generic_room_14, uniq_gastronok
D:10:     layout_basic, erik_orc_1, serial_shops, nicolae_shop_crystal,
          enter_bailey_3, minmay_stone_trees_medium, minmay_fire_ice_demons
Bailey:   bailey_polearm_5, bailey

Skill      XL: |  1  2  3  4  5  6  7  8  9 10 11 |
---------------+----------------------------------+-----
Shields        | 3 4 |  4.7
Axes           | 2 3 4 6 7 8 |  8.7
Fighting       | 4 5 6 8 9 10 | 10.4
Armour         | 3 4 5 6 |  6.1
Stealth        | 1 3 6 7 |  7.0
Unarmed Combat | 1 2 3 4 |  4.2
Invocations    | 1 2 3 4 |  4.2
Evocations     | 1 2 3 |  3.4
Dodging        | 1 3 |  3.3
Spellcasting   | 1 2 3 |  3.2

Action                   |  1- 3 |  4- 6 |  7- 9 | 10-12 || total
-------------------------+-------+-------+-------+-------++-------
Melee: War axe           |    94 |   183 |   300 |   317 ||   894
Invok: Upheaval          |       |       |       |     1 ||     1
       Elemental Force   |       |       |       |     2 ||     2
Evoke: Wand              |       |     5 |    14 |     1 ||    20
  Use: Potion            |     3 |     2 |     4 |     4 ||    13
       Scroll            |     1 |       |     9 |     8 ||    18
 Stab: Invisible         |       |       |     2 |     4 ||     6
       Paralysed         |       |       |     2 |       ||     2
Armor: Scale mail        |    60 |    60 |    86 |       ||   206
       Chain mail        |       |       |     9 |       ||     9
       Plate armour      |       |       |    12 |   139 ||   151
Dodge: Dodged            |   102 |   106 |   110 |   123 ||   441
Block: Kite shield       |    89 |   128 |   368 |   434 ||  1019
       Reflection        |       |       |    12 |     7 ||    19

Table legend: (Time is in decaauts)
 A = Elapsed time spent in this place.
 B = Non-inter-level travel time spent in this place.
 C = Inter-level travel time spent in this place.
 D = Time resting spent in this place.
 E = Time spent auto-exploring this place.
 F = Levels seen in this place.
 G = Mean time per level.
                   A        B        C        D        E       F      G
               +--------+--------+--------+--------+--------+-----+--------+
         Total |  10527 |  10172 |    355 |      3 |   6803 |  12 |  877.2 |
       Dungeon |   9630 |   9275 |    355 |      0 |   6468 |  10 |  963.0 |
         Sewer |    737 |    737 |      0 |      0 |    335 |   1 |  737.0 |
        Bailey |    159 |    159 |      0 |      3 |      0 |   1 |  159.0 |
               +--------+--------+--------+--------+--------+-----+--------+

Top non-repeatable levels by time:
     D:4: 1401 daAuts
     D:9: 1309 daAuts
     D:3: 1239 daAuts
     D:2: 1133 daAuts
     D:7: 1021 daAuts
     D:5: 960 daAuts
     D:1: 876 daAuts
     D:6: 812 daAuts
   Sewer: 737 daAuts
     D:8: 720 daAuts
  Bailey: 159 daAuts
    D:10: 156 daAuts
